Map: 深海暗礁 - 天梯版

Players

lostCrab - Winner!

  • Race: Zerg Zerg
  • Spawn Location: 5:00

电脑难度(困难)

  • Race: Protoss Protoss
  • Spawn Location: 11:00

VOD

Have the link to the VOD?

Description

Time

  • Played on: Jan. 20, 2018, 10:35 a.m.
  • Length: 12:06
Show
View Real Time Build Order
Export as new Build Order

lostCrab Zerg - Winner!

Build Orders: Hatch First, Lurkers 

Get SALT Encoding   

  12  0:01  Drone  
  13  0:13  Overlord  
  13  0:17  Drone  
  14  0:32  Drone x2  
  14  0:35  Drone  
  17  0:54  Hatchery  
  16  1:04  Drone  
  16  1:05  Drone  
  18  1:11  Extractor  
  18  1:15  Spawning Pool  
  16  1:19  Drone  
  16  1:22  Drone  
  18  1:28  Drone  
  19  1:42  Drone  
  20  1:51  Drone  
  21  2:03  Zergling x2  
  21  2:07  Queen  
  21  2:08  Queen  
  26  2:09  Zergling x2  
  26  2:11  Drone  
  26  2:13  Metabolic Boost  
  28  2:19  Overlord  
  28  2:34  Overlord  
  28  2:38  Drone x3  
  28  2:43  Queen  
  33  2:49  Drone  
  33  2:50  Drone  
  35  2:54  Drone  
  36  3:02  Drone  
  36  3:05  Drone  
  38  3:09  Evolution Chamber  
  38  3:11  Drone  
  38  3:16  Drone x2  
  40  3:21  Lair  
  40  3:26  Roach Warren  
  40  3:27  Drone x2  
  40  3:28  Drone  
  40  3:32  Drone  
  40  3:33  Drone  
  44  3:36  Extractor  
  44  3:37  Extractor  
  44  3:38  Zerg Missile Weapons Level 1  
  41  4:02  Extractor  
  40  4:09  Roach, Overlord x2  
  42  4:11  Roach  
  44  4:29  Roach  
  44  4:30  Roach x7  
  60  4:31  Overlord  
  60  4:32  Overlord  
  60  4:57  Hatchery  
  59  5:05  Drone  
  59  5:06  Drone x6  
  67  5:07  Drone  
  67  5:13  Hydralisk Den  
  66  5:30  Drone x3  
  66  5:31  Drone x2  
  71  5:48  Zerg Missile Weapons Level 2  
  71  5:50  Glial Reconstitution  
  71  5:59  Overlord x3  
  71  6:10  Drone x2  
  71  6:11  Drone  
  74  6:27  Lurker Den  
  74  6:31  Roach  
  74  6:32  Roach x9  
  82  6:49  Hydralisk  
  82  6:50  Hydralisk x3  
  84  7:10  Overlord  
  84  7:11  Overlord  
  84  7:14  Drone  
  85  7:16  Extractor  
  85  7:18  Extractor  
  85  7:21  Drone x4  
  85  7:22  Hatchery, Drone x3  
  89  7:40  Drone x3  
  89  7:41  Drone x4  
  96  7:50  Drone  
  97  8:02  Lurker x4  
  101  8:07  Zerg Ground Armor Level 1  
  101  8:15  Spine Crawler, Infestation Pit  
  101  8:17  Spine Crawler  
  98  8:29  Hatchery  
  98  8:30  Queen  
  99  8:37  Hydralisk x2  
  99  8:38  Hydralisk x12  
  127  8:44  Spore Crawler  
  126  8:50  Overseer  
  126  9:35  Roach  
  126  9:37  Overlord x5  
  128  9:41  Overlord x2  
  119  10:10  Lurker x4  
  119  10:11  Lurker  
  124  10:19  Drone x2  
  126  10:22  Hive  
  126  10:30  Drone  
  126  10:32  Pneumatized Carapace  
  126  10:34  Drone x2  
  129  10:37  Hydralisk x2  
  129  10:38  Hydralisk  
Show
View Real Time Build Order
Export as new Build Order

电脑难度(困难) Protoss 

Build Orders:  

Get SALT Encoding   

  12  0:00  Probe  
  13  0:13  Probe  
  14  0:19  Pylon  
  14  0:25  Probe  
  15  0:37  Probe  
  15  0:39  Gateway  
  16  0:47  Assimilator  
  16  0:49  Probe  
  17  1:01  Pylon, Probe  
  18  1:13  Probe  
  19  1:25  Probe  
  19  1:26  Zealot  
  19  1:30  Cybernetics Core  
  22  1:44  Gateway  
  22  1:47  Assimilator  
  22  2:04  Pylon  
  22  2:06  Stalker  
  24  2:25  Warp Gate  
  24  2:30  Stalker  
  26  2:42  Stalker  
  28  2:50  Pylon  
  28  3:00  Adept  
  30  3:12  Stalker  
  32  3:18  Probe  
  33  3:27  Stalker  
  33  3:30  Probe  
  33  3:31  Pylon  
  36  3:42  Stalker, Probe  
  39  3:50  Forge  
  39  3:54  Probe  
  40  3:57  Adept  
  42  4:06  Probe  
  43  4:12  Zealot  
  45  4:18  Probe  
  46  5:56  Sentry  
  48  5:57  Protoss Ground Weapons Level 1  
  48  5:59  Gateway  
  48  6:01  Robotics Facility  
  48  6:04  Twilight Council  
  48  6:05  Nexus, Stalker  
  48  6:09  Photon Cannon  
  50  6:13  Photon Cannon  
  50  6:16  Forge  
  50  6:19  Sentry  
  50  6:20  Pylon  
  52  6:28  Sentry  
  51  6:40  Blink  
  51  6:42  Stalker  
  49  6:48  Protoss Ground Armor Level 1  
  49  6:49  Observer  
  49  6:51  Zealot  
  46  7:01  Zealot  
  48  7:10  Observer, Adept  
  48  7:13  Stargate  
  51  7:16  Probe  
  51  7:18  Probe  
  51  7:19  Adept  
  55  7:23  Assimilator  
  55  7:28  Probe  
  55  7:29  Pylon, Stalker  
  58  7:30  Probe  
  58  7:36  Pylon  
  59  7:41  Probe  
  59  7:42  Probe  
  61  7:53  Probe  
  61  7:54  Probe  
  63  8:02  Photon Cannon  
  63  8:05  Probe  
  64  8:06  Probe  
  64  8:08  Photon Cannon  
  65  8:17  Probe  
  65  8:18  Probe  
  67  8:29  Probe  
  67  8:31  Probe  
  69  8:41  Probe  
  69  8:43  Probe  
  71  8:53  Probe  
  71  8:55  Probe  
  73  9:05  Assimilator, Probe  
  73  9:07  Probe  
  75  9:53  Stalker  
  75  9:57  Zealot  
  57  10:00  Pylon, Void Ray  
  57  10:04  Immortal  
  54  10:08  Zealot  
  55  10:16  Photon Cannon, Stalker  
  55  10:20  Zealot  
  49  10:28  Stalker  
  32  10:41  Zealot  
  30  10:51  Stalker  
  31  10:57  Stalker  
  31  11:03  Zealot, Probe  
  18  11:14  Sentry  
  18  11:15  Probe  
  14  11:19  Nexus  
Tags
 
Add a new tag
Caveats
  • Supply blocks, unpowered buildings, or Contaminate may cause inaccurate times.
  • Supply counts are checked every 10 seconds.